 Dungeon Crawl Stone Soup version 0.29-a0-393-g47a863cc1b (webtiles) character file.

Game seed: 7916791245698963123

202 sammy202020 the Chopper (level 5, -2/48 HPs)
             Began as a Minotaur Berserker on May 10, 2022.
             Was a Believer of Trog.
             Slain by Jessica
             ... wielding a +2 dagger of electrocution
              (14 damage)
             ... on level 2 of the Dungeon.
             The game lasted 00:03:11 (2300 turns).

sammy202020 the Chopper (Minotaur Berserker)        Turns: 2300, Time: 00:03:11

Health: -2/48      AC:  2    Str: 21    XL:     5   Next: 50%
Magic:  4/4        EV: 12    Int:  6    God:    Trog [**....]
Gold:   59         SH:  0    Dex: 10    Spells: 4/4 levels left

rFire   . . .      SeeInvis +   a - +0 hand axe
rCold   . . .      Faith    .   (no shield)
rNeg    . . .      Spirit   .   b - +0 animal skin
rPois   .          Reflect  .   (helmet restricted)
rElec   .          Harm     .   (no cloak)
rCorr   .          Rampage  .   (no gloves)
Will    ++...                   (no boots)
Stlth   +.........              (no amulet)
HPRegen 1.16/turn               f - ring of see invisible
MPRegen 0.09/turn               (no ring)

@: strong-willed, regenerating
A: horns 2, retaliatory headbutt
a: Renounce Religion, Berserk, Trog's Hand


You were on level 2 of the Dungeon.
You worshipped Trog.
Trog was pleased with you.
You visited 1 branch of the dungeon, and saw 2 of its levels.

You collected 59 gold pieces.

Inventory:

Hand Weapons
 a - a +0 hand axe (weapon)
Armour
 b - a +0 animal skin (worn)
Jewellery
 f - a ring of see invisible (left hand)
Scrolls
 c - a scroll of identify
 h - a scroll of fog {unknown}
 i - a scroll of fear {unknown}
 j - a scroll of vulnerability {unknown}
 l - a scroll of torment {unknown}
 n - a scroll of silence {unknown}
Potions
 e - 2 potions of curing
 g - 3 potions of cancellation
 k - a potion of magic {unknown}
 m - a potion of brilliance {unknown}


   Skills:
 * Level 5.2 Fighting
 * Level 5.2 Axes
 + Level 3.5 Armour
 + Level 3.3 Dodging


You had 4 spell levels left.
You didn't know any spells.
Your spell library was empty.

Dungeon Overview and Level Annotations

Branches:
Dungeon (2/15)

Altars:

Annotations:
D:2 Jessica


Innate Abilities, Weirdness & Mutations

You have a pair of horns on your head.
You reflexively headbutt those who attack you in melee.


Message History

No target in view!
No target in view!
No target in view!
You see here a rat corpse.
Jessica the Apprentice Sorceress comes into view.
She is wielding a +2 dagger of electrocution and wearing a +2 robe of willpower.
Found a spear.
Jessica is nearby!
Jessica is nearby!
Jessica points at you and mumbles some strange words.
Pain shoots through your body!
You see here a +0 spear.
You hit Jessica.
Jessica is heavily wounded.
Jessica hits you with a +2 dagger of electrocution!
You are electrocuted!
You are too injured to fight recklessly!
You are too injured to fight recklessly!
You are too injured to fight recklessly!
You are too injured to fight recklessly!
You are too injured to fight recklessly!
You are too injured to fight recklessly!
You are too injured to fight recklessly!
You are too injured to fight recklessly!
You are too injured to fight recklessly!
You are too injured to fight recklessly!
You are too injured to fight recklessly!
You are too injured to fight recklessly!
You are too injured to fight recklessly!
You are too injured to fight recklessly!
You are too injured to fight recklessly!
You are too injured to fight recklessly!
You are too injured to fight recklessly!
You are too injured to fight recklessly!
Unknown command.
Your skin crawls.
You feel strong-willed.
Jessica hits you with a +2 dagger of electrocution!
* * * LOW HITPOINT WARNING * * *
You are electrocuted!
You die...

. # # . . #.#.######
#.#.#.#....# .....#.##.#
##+#......#
###......#..#########
..#.....@#..........#
######.#.....@#.########.#
#....#.#.....##.# #.#
#....#.##.... ..# #.#
#......#################.#
. ##.#.......#
#...........#
.####.#+#####.#
#.###########
....(.........# #.#
..............# #.#


You could see Jessica.

Vanquished Creatures
  Sigmund (D:2)
  2 adders (D:2)
  A worm (D:2)
  A dart slug (D:1)
  A ball python (D:1)
  An endoplasm (D:1)
  A giant cockroach (D:2)
  2 goblins
  7 hobgoblins
  2 jackals (D:2)
  3 kobolds (D:1)
  A quokka (D:1)
  A bat (D:1)
  6 frilled lizards
  5 rats
35 creatures vanquished.

Notes
Turn   | Place    | Note
-------+----------+-------------------------------------------
     0 | D:1      | sammy202020 the Minotaur Berserker began the quest for the
                  | Orb.
     0 | D:1      | Reached XP level 1. HP: 19/19 MP: 0/0
   450 | D:1      | You fall into a shaft and drop 1 floor!
   455 | D:2      | Reached XP level 2. HP: 23/27 MP: 1/1
   779 | D:1      | Found a faded altar of an unknown god.
  1303 | D:1      | Reached ** piety under Trog
  1306 | D:1      | Reached XP level 3. HP: 24/33 MP: 2/2
  1903 | D:2      | Noticed Sigmund
  1911 | D:2      | Killed Sigmund
  1912 | D:2      | Reached skill level 5 in Fighting
  1912 | D:2      | Reached skill level 5 in Axes
  1912 | D:2      | Reached XP level 4. HP: 17/42 MP: 3/3
  1912 | D:2      | Reached XP level 5. HP: 20/48 MP: 4/4
  2296 | D:2      | Noticed Jessica
  2300 | D:2      | Slain by Jessica

Illustrated notes

Levels and vault maps discovered:
D:1:      saegor_arrival_simple_e, layout_basic, ebering_ecumenical_altar_webs,
          minmay_tiny_reverse_x
D:2:      layout_basic, uniq_sigmund, uniq_jessica

Skill      XL: |  1  2  3 |
---------------+----------+-----
Axes           | 4 5 |  5.2
Fighting       | 4 5 |  5.2
Armour         | 3 |  3.5
Dodging        | 3 |  3.3

Action                   |  1- 3 |  4- 6 || total
-------------------------+-------+-------++-------
Melee: Hand axe          |    77 |     5 ||    82
       Headbutt          |    15 |     1 ||    16
Invok: Trog's Hand       |     1 |     1 ||     2
       Berserk           |     1 |       ||     1
  Use: Scroll            |     3 |       ||     3
 Stab: Sleeping          |       |     1 ||     1
Armor: Animal skin       |    13 |       ||    13
Dodge: Dodged            |    52 |     2 ||    54

Table legend: (Time is in decaauts)
 A = Elapsed time spent in this place.
 B = Non-inter-level travel time spent in this place.
 C = Inter-level travel time spent in this place.
 D = Time resting spent in this place.
 E = Time spent auto-exploring this place.
 F = Levels seen in this place.
 G = Mean time per level.
                   A        B        C        D        E       F      G
               +--------+--------+--------+--------+--------+-----+--------+
         Total |   2316 |   2305 |     11 |      1 |   2030 |   2 | 1158.0 |
       Dungeon |   2316 |   2305 |     11 |      1 |   2030 |   2 | 1158.0 |
               +--------+--------+--------+--------+--------+-----+--------+

Top non-repeatable levels by time:
     D:1: 1343 daAuts
     D:2: 973 daAuts
